 Dungeon Crawl Stone Soup version 0.15.2 (webtiles) character file.

31 LaManche the Scratcher (level 3, 3/15 HPs)
             Began as a Felid Transmuter on Nov 14, 2014.
             Quit the game on Level 1 of the Dungeon.
             The game lasted 00:04:08 (1459 turns).

LaManche the Scratcher (Felid Transmuter)           Turns: 1459, Time: 00:04:08

HP   3/15        AC  1     Str  7      XL: 3   Next:  7%
MP   7/8         EV 18     Int 14      God:
Gold 39          SH  0     Dex 16      Spells:  1 memorised,  5 levels left
Lives: 0, deaths: 0

rFire  . . .     SeeInvis +       - Unarmed
rCold  . . .     Clarity  .     (armour unavailable)
rNeg   . . .     rCorr    .     (shield unavailable)
rPois  .         rRot     .     (helmet unavailable)
rElec  .         Spirit   .     (cloak unavailable)
SustAb .         Warding  .     (gloves unavailable)
rMut   .         Stasis   .     (boots unavailable)
Gourm  .                        (no amulet)
MR     .....                    (no ring)
                                (no ring)

@: lethally poisoned, very slightly contaminated, quick, not resistant to
hostile enchantments, unstealthy
A: paw claws, no armour, no weapons or thrown items, fangs 3, see invisible,
carnivore 3, speed 1, shaggy fur 1, slow metabolism 1, jump 1
a: Jump Attack


You were on level 1 of the Dungeon.
You were not hungry.

You visited 1 branch of the dungeon, and saw 1 of its levels.

You collected 39 gold pieces.

Inventory:

Missiles
 b - 40 arrows
 f - 15 arrows of flame
Comestibles
 a - a meat ration
Scrolls
 c - a scroll of identify
 g - a scroll of amnesia {unknown}
Jewellery
 e - an uncursed ring of protection from magic {unknown}
Books
 d - a book of Changes

   Spells                             Type                      Level
   *Beastly Appendage                 Transmutation                1
   Sticks to Snakes                   Transmutation                2
   Spider Form                        Transmutation/Poison         3
   Ice Form                           Ice/Transmutation            4
   Blade Hands                        Transmutation                5


   Skills:
 * Level 1.3 Fighting
 + Level 3.1 Dodging
 * Level 0.8 Stealth
 + Level 3.5 Unarmed Combat
 + Level 2.1 Spellcasting
 + Level 2.5 Transmutations


You had 5 spell levels left.
You knew the following spells:

 Your Spells              Type           Power        Failure   Level  Hunger
a - Beastly Appendage     Trmt           #.....       10%         1    #......


Dungeon Overview and Level Annotations

Branches:
Dungeon (1/15)

Altars:


Innate Abilities, Weirdness & Mutations

You cannot wear armour.
You are incapable of wielding weapons or throwing items.
Your paws have sharp claws.
You have razor-sharp teeth.
You have supernaturally acute eyesight.
You are carnivorous and can eat meat at any time.
You cover ground quickly.
You are covered in fur (AC +1).
You have a slow metabolism.
You can jump attack at a short distance.


Message History

Okay, then.
You see here an adder corpse.
Eat which item? (? for menu, Esc to quit)
Okay, then.
You start butchering the adder corpse.
You continue butchering the corpse.
You stop butchering the corpse.
* * * LOW HITPOINT WARNING * * *
You feel sick.
Eat which item? (? for menu, Esc to quit)
You don't have any such object.
Eat which item? (? for menu, Esc to quit)
Huh?
Eat which item? (? for menu, Esc to quit)
Huh?
Eat which item? (? for menu, Esc to quit)
Okay, then.
There is a lethal amount of poison in your body!
Are you sure you want to abandon this character and quit the game? (Confirm with "yes".)
Okay, then.
Are you sure you want to abandon this character and quit the game? (Confirm with "yes".)

#.#.#.#...# ###...#.#....#
#.#.#.#...# #######.#....#
#.#.#.#...# #............#
#.#.#.#...# #.######.....#
#.#.#.#...# #.# #..####
#.#.#.#...# #.# ##.####
#######.#.#.#..%# #.# #.##..
........#.#.#...####.#######.##..
.########.#.#...@.........##.##..
.# #.#.######........##..#.. .#
#.#...................... .#
#)########........###.### .# #.#
#........# #..# .# #.# #........#
##.## .# #.# ########## #..# .#
#.# ##.# .########.# #..


There were no monsters in sight!

Vanquished Creatures
  An adder (D:1)
  4 goblins (D:1)
  4 hobgoblins (D:1)
  4 jackals (D:1)
  2 kobolds (D:1)
  2 bats (D:1)
  2 rats (D:1)
19 creatures vanquished.

Notes
Turn   | Place    | Note
--------------------------------------------------------------
     0 | D:1      | LaManche, the Felid Transmuter, began the quest for the Orb.
     0 | D:1      | Reached XP level 1. HP: 9/9 MP: 4/4
   688 | D:1      | Reached XP level 2. HP: 12/12 MP: 5/5
  1450 | D:1      | Reached XP level 3. HP: 5/15 MP: 6/8
  1459 | D:1      | Quit the game

Action                   || total
-------------------------++-------
Melee: Unarmed           ||    58
 Cast: Beastly Appendage ||    10
  Use: Scroll            ||     3
       Potion            ||     4
  Eat: Chunk             ||     3
